 Dungeon Crawl Stone Soup version 0.31-a0-185-g9dded2c639 (webtiles) character file.

Game seed: 13851726778545206575

32 qw the Shooter (level 3, -4/20 HPs)
             Began as a Deep Elf Hunter on June 22, 2023.
             Slain by a worm (7 damage)
             ... on level 2 of the Dungeon.
             The game lasted 00:00:18 (569 turns).

qw the Shooter (Deep Elf Hunter)                     Turns: 569, Time: 00:00:18

Health: -4/20      AC:  3    Str: 10    XL:     3   Next: 8%
Magic:  5/5        EV: 12    Int: 13    God:
Gold:   31         SH:  0    Dex: 18    Spells: 2/2 levels left

rFire   . . .        Y - +0 shortbow
rCold   . . .        (shield currently unavailable)
rNeg    . . .        c - +0 leather armour
rPois   .            (no helmet)
rElec   .            (no cloak)
rCorr   .            (no gloves)
SInv    .            (no boots)
Will    .....        (no amulet)
Stlth   ++           (no ring)
HPRegen 0.23/turn    (no ring)
MPRegen 0.09/turn

%: no passive effects
@: no status effects
A: no striking features
a: no special abilities


You were on level 2 of the Dungeon.
You visited 1 branch of the dungeon, and saw 2 of its levels.

You collected 31 gold pieces.


   Skills:
 - Level 1.5 Fighting
 + Level 6.7 Ranged Weapons
 - Level 2.4 Dodging
 - Level 1.2 Stealth


You had 2 spell levels left.
You didn't know any spells.
Your spell library was empty.

Inventory:

Hand Weapons
 Y - a +0 shortbow (weapon)
Armour
 c - a +0 leather armour (worn)
Scrolls
 b - a scroll of butterflies
 i - a scroll of enchant weapon {unknown}
 k - a scroll of revelation {unknown}
Potions
 e - a potion of heal wounds {unknown}
 f - a potion of resistance {unknown}
 g - a potion of enlightenment {unknown}
 h - a potion of might {unknown}
 j - a potion of curing {unknown}

Dungeon Overview and Level Annotations

Branches:
Dungeon (2/15)

Altars:


Message History

You start waiting.
Your surroundings suddenly seem different.
A ball python, a worm, a hobgoblin and 2 goblins come into view.
A goblin is wielding a +2 dagger of venom.
Found a whip.
The ball python hisses angrily.
The goblin hits you but does no damage.
Enter note:
Enter note:
Enter note:
Enter note: You shoot an arrow.
The goblin shouts!
The arrow hits the worm.
The worm is lightly wounded.
The hobgoblin shouts!
The goblin hits you with a +0 dagger. The ball python closely misses you.
The ball python grabs you. The ball python constricts you.
You shoot an arrow. The arrow hits the ball python.
You kill the ball python!
The goblin closely misses you.
The goblin hits you with a +2 dagger of venom.
You shoot an arrow.
The arrow hits the worm but does no damage.
The worm is lightly wounded.
The goblin hits you but does no damage. x2; The hobgoblin barely misses you.
The worm bites you.
You shoot an arrow. The arrow hits the worm.
The worm is moderately wounded.
The goblin hits you but does no damage. The hobgoblin misses you.
The goblin closely misses you.
You shoot an arrow. The arrow hits the worm!
The worm is severely wounded.
The goblin hits you with a +0 dagger. The hobgoblin barely misses you.
The goblin misses you. The worm bites you!
You shoot an arrow. The arrow hits the worm.
The worm is severely wounded.
The goblin barely misses you. The goblin hits you with a +0 dagger.
The hobgoblin barely misses you. The worm bites you!
You die...

... .. .# #########.#
..........# #####
#........# #...#
#....g.g.# #...#####
#....g@w.#####........
#..)..%..+............
#........#####........
#........# #........
#........# ###...#+###
#........# #........#
#........# #........#
######...#
#........###
#...........


You could see a worm, a hobgoblin and 2 goblins.

Vanquished Creatures
  A worm (D:2)
  3 endoplasms (D:1)
  A giant cockroach (D:1)
  A goblin (D:2)
  3 hobgoblins
  4 kobolds
  2 quokkas
  2 ball pythons
  5 bats
  4 rats (D:1)
26 creatures vanquished.

Notes
Turn   | Place    | Note
-------+----------+-------------------------------------------
     0 | D:1      | qw the Deep Elf Hunter began the quest for the Orb.
     0 | D:1      | Reached XP level 1. HP: 12/12 MP: 3/3
     0 | D:1      | 0 ||| qw: Version: 0.3-a-9-g12657ce
     0 | D:1      | 0 ||| qw: Game counter: 1754
     0 | D:1      | 0 ||| qw: Always use a shield: true
     0 | D:1      | 0 ||| qw: God list: Okawaru
     0 | D:1      | 0 ||| qw: Allow faded altars: false
     0 | D:1      | 0 ||| qw: Do Orc after D:15 true
     0 | D:1      | 0 ||| qw: Do second Lair branch before Depths: true
     0 | D:1      | 0 ||| qw: Lair rune preference: random
     0 | D:1      | 0 ||| qw: Plans: Normal
     0 | D:1      | 0 ||| PLANNING D:1-11
   101 | D:1      | Reached XP level 2. HP: 14/16 MP: 4/4
   139 | D:1      | Reached skill level 6 in Ranged Weapons
   281 | D:1      | You fall into a shaft and drop 1 floor!
   496 | D:2      | Reached XP level 3. HP: 20/20 MP: 5/5
   559 | D:2      | 559 ||| READING scroll labelled UWNONA JAEH.
   568 | D:2      | HP: 5/20 [worm (7)]
   569 | D:2      | Slain by a worm

Levels and vault maps discovered:
D:1:      dpeg_arrival_arbitrary_a, layout_loops_ring
D:2:      layout_basic, uniq_robin, uniq_natasha

Skill      XL: |  1  2 |
---------------+-------+-----
Ranged Weapons | 6 |  6.7
Fighting       | |  1.5
Dodging        | |  2.4
Stealth        | |  1.2

Action                     || total
---------------------------++-------
   Fire: Shortbow          ||    83
    Use: Scroll            ||     1
 Armour: Leather armour    ||     8
  Dodge: Dodged            ||    28

Table legend:
 A = Non-vault XP
 B = Vault XP
 C = Vault XP percentage of total XP
 D = Non-vault monster count
 E = Vault monster count
 F = Vault count percentage of total count
                 A         B        C        D         E       F
            +---------+---------+-------+---------+---------+-------
      Total |      42 |       4 |   8.7 |      24 |       2 |   7.7
            +---------+---------+-------+---------+---------+-------
        D:1 |      27 |       0 |   0.0 |      17 |       0 |   0.0
        D:2 |      15 |       4 |  21.1 |       7 |       2 |  22.2
            +---------+---------+-------+---------+---------+-------
